 Dungeon Crawl Stone Soup version 0.29-a0-1027-gcd8c55af63 (webtiles) character file.

Game seed: 12693183875989051767

11099 xian the Slicer (level 11, -3/81 HPs)
             Began as a Demonspawn Fighter on Aug 13, 2022.
             Was an Initiate of Gozag.
             Killed by divine providence
             ... invoked by an orc priest
              (11 damage)
             ... on level 1 of the Orcish Mines.
             The game lasted 00:42:51 (13549 turns).

xian the Slicer (Demonspawn Fighter)               Turns: 13549, Time: 00:42:52

Health: -3/81      AC: 27    Str: 25    XL:     11   Next: 44%
Magic:  9/9        EV:  9    Int:  6    God:    Gozag
Gold:   1270       SH: 13    Dex: 25    Spells: 10/10 levels left

rFire   . . .      SeeInvis .   B - +5 rapier "Fyclizy" {drain, rPois Str+4 Int-3}
rCold   . . .      Faith    .   L - +0 kite shield
rNeg    . . .      Spirit   .   p - +4 chain mail {rPois}
rPois   +          Reflect  .   y - +2 hat
rElec   .          Harm     .   (no cloak)
rCorr   +          Rampage  .   E - +2 pair of gloves
Will    .....      Clarity  +   C - +2 pair of boots {Stlth+}
Stlth   +++....... Rnd*Tele +   (no amulet)
HPRegen 0.23/turn               b - +6 ring of dexterity
MPRegen 0.11/turn               h - +6 ring of dexterity

@: studying Stealth
A: yellow scales 3, demonic guardian 2, clarity, low MP 1, teleportitis 1
a: Renounce Religion, Potion Petition, Call Merchant, Bribe Branch


You were on level 1 of the Orcish Mines.
You worshipped Gozag.
Gozag was most pleased with you.
You visited 3 branches of the dungeon, and saw 12 of its levels.
You also visited: Sewer and Ossuary.

You collected 1430 gold pieces.
You paid 160 gold pieces to Gozag.

Inventory:

Hand Weapons
 u - a +2 dagger of venom
 B - the +5 rapier "Fyclizy" (weapon) {drain, rPois Str+4 Int-3}
   (You found it on level 5 of the Dungeon)

   A truly terrible weapon, it drains the life of any living foe it strikes.
   Str:       It affects your strength (+4).
   Int:       It affects your intelligence (-3).
   rPois:     It protects you from poison.
 K - the +1 whip "Jomat" {pain, rC+ Dex+3}
   (You found it on level 7 of the Dungeon)

   In the hands of one skilled in necromantic magic, it inflicts extra damage on
   living creatures.
   Dex:       It affects your dexterity (+3).
   rC:        It protects you from cold.
Missiles
 q - 9 boomerangs
 r - 8 poisoned darts (quivered)
 H - 2 throwing nets
Armour
 p - a +4 chain mail of poison resistance (worn)
 y - a +2 hat (worn)
 C - a +2 pair of boots of stealth (worn)
 E - a +2 pair of gloves (worn)
 L - a +0 kite shield (worn)
Jewellery
 b - a +6 ring of dexterity (left hand)
 h - a +6 ring of dexterity (right hand)
 w - a ring of positive energy
 O - a ring of fire
Wands
 a - a wand of polymorph (5)
 c - a wand of digging (2)
 d - a wand of flame (15)
 g - a wand of roots (2)
 G - a wand of charming (6)
 P - a wand of mindburst (10)
Scrolls
 j - 11 scrolls of teleportation
 l - 4 scrolls of poison
 s - 3 scrolls of blinking
 z - 6 scrolls of immolation
 A - 3 scrolls of magic mapping
 F - 4 scrolls of amnesia
 I - a scroll of fear
 J - a scroll of silence
 M - a scroll of brand weapon
 N - a scroll of butterflies
Potions
 e - a potion of cancellation {unknown}
 i - 2 potions of ambrosia
 k - a potion of brilliance
 m - 3 potions of haste
 n - a potion of magic {unknown}
 o - 3 potions of mutation
 t - 2 potions of degeneration
 v - 3 potions of flight
 x - a potion of attraction
 D - a potion of invisibility {unknown}


   Skills:
 + Level 6.2 Fighting
 * Level 10.4(10.5) Short Blades
 + Level 2.0(6.8) Long Blades
 + Level 0.2 Throwing
 + Level 7.3 Armour
 + Level 3.3 Dodging
 * Level 9.1 Stealth
 + Level 7.7 Shields
 + Level 0.8 Evocations


You had 10 spell levels left.
You didn't know any spells.
Your spell library contained the following spells:

 Spells                   Type           Power      Damage    Failure   Level
 Apportation              Tloc           0%         N/A       100%        1
 Necrotise                Necr           0%         1d4       100%        1
 Summon Small Mammal      Summ           0%         N/A       100%        1
 Ensorcelled Hibernation  Hex/Ice        0%         N/A       100%        2
 Static Discharge         Conj/Air       0%         3-3/arc   100%        2
 Ozocubu's Armour         Ice            0%         N/A       100%        3
 Spider Form              Tmut/Pois      0%         N/A       100%        3
 Vampiric Draining        Necr           0%         2d6       100%        3
 Anguish                  Hex/Necr       0%         N/A       100%        4
 Dispel Undead            Necr           0%         3d6       100%        4
 Fulminant Prism          Conj/Hex       0%         3d6       100%        4
 Hailstorm                Conj/Ice       0%         3d3       100%        4
 Ice Form                 Ice/Tmut       0%         N/A       100%        4
 Iskenderun's Mystic Bla  Conj/Tloc      0%         2d3       100%        4
 Sticky Flame             Conj/Fire      0%         2d3       100%        4
 Agony                    Necr           0%         N/A       100%        5
 Lee's Rapid Deconstruct  Erth           0%         3d5*      100%        5
 Ozocubu's Refrigeration  Ice            0%         4d7       100%        7
 Simulacrum               Ice/Necr       Unusable   N/A       N/A         6

Dungeon Overview and Level Annotations

Branches:
Dungeon (10/15)            Temple (1/1) D:5             Orc (1/2) D:10
  Sewer (visited)         Ossuary (visited)
   Lair: D:8-11

Altars:
Ashenzari
Cheibriados
Dithmenos
Gozag
Hepliaklqana
Kikubaaqudgha
Makhleb
Nemelex Xobeh
Okawaru
Qazlal
Ru
Sif Muna
Uskayaw
Vehumet
Wu Jian
Xom
Yredelemnul

Shops:
D:6 =[[

Annotations:
D:9 2 runed translucent doors, purpskrrrp's ghost, journeyman FoHu


Innate Abilities, Weirdness & Mutations

You are completely covered in yellow scales. (AC +4, rCorr)
A demonic guardian rushes to your aid.
You possess an exceptional clarity of mind.
Your magical capacity is low. (-10% MP)
You are occasionally teleported next to monsters.


Message History

The orc priest looks encouraged for a moment.
The orc priest looks braver for a moment.
The orc priest mumbles some strange prayers to Beogh against you.
Pain shoots through your body!
A demonic guardian appears!
The orc knight roars a battlecry!
The orcs go into a battle-frenzy!
The orc wizard casts a spell at you.
The puff of flame hits you but does no damage.
The orc priest mumbles some strange prayers to Beogh against you.
Beogh smites you!
The orc wizard casts a spell.
The orc wizard flickers and vanishes!
Deactivating autopickup; reactivate with Ctrl-A.
The orc priest closely misses your hellwing.
The orc wizard hits your hellwing but does no damage.
There is a stone staircase leading down here.
The orc priest attacks as you move away!
You block the orc priest's attack.
Something hits your hellwing but does no damage.
The orc priest calls down the wrath of Beogh upon you.
Beogh smites you!
* * * LOW HITPOINT WARNING * * *
You feel better. You block the orc priest's attack.
Something hits your hellwing. The orc priest completely misses you.
The orc priest calls down the wrath of Beogh upon you.
Beogh smites you!
* * * LOW HITPOINT WARNING * * *
The orc priest mumbles some strange prayers to Beogh against you.
You struggle to resist.
Something hits your hellwing but does no damage.
The orc knight unwields a +0 war axe.
The orc knight wields a +0 arbalest of freezing.
It is covered in frost.
The orc knight shoots a bolt.
The bolt hits your hellwing! The bolt freezes your hellwing.
The orc wizard gestures wildly while chanting.
The orc wizard flickers and vanishes!
The orc priest invokes the aid of Beogh against you.
Beogh smites you!
You die...
Your body crumbles into a pile of gold.

#### ###### ##..##
.#.#.#.##....#
.........#..>#
....#.........#
................<.#
....##.#..........##
.....#.............#
.#.........o.o.@...#
............oo.....#
..........o.{4....##
.........o.oo{....#
#.........o...##
##.#...........##
#........#......#
##..#..........##
#.............##


You could see an orc knight, 2 orc warriors, 5 orc priests, an orc (strong) and
a friendly hellwing (summoned).

Vanquished Creatures
  2 two-headed ogres
  Maurice (D:10)
  A smoke demon (D:10)
  Joseph (D:9)
  An unseen horror (D:10)
  2 trolls (D:10)
  An ice devil (D:10)
  2 hornets (D:9)
  A shadow (D:10)
  A wyvern (D:9)
  4 yaks
  A vampire mosquito (D:6)
  Menkaure (Ossuary)
  2 water moccasins
  A black bear (D:4)
  An orc warrior (D:8)
  6 ice beasts
  5 sky beasts
  An ogre (D:5)
  6 centaurs
  A phantom (D:5)
  4 bullfrogs
  2 necrophages
  2 scorpions (D:7)
  A gnoll sergeant (D:7)
  A wight (D:8)
  13 killer bees
  4 howler monkeys
  5 orc priests
  5 hounds
  5 quasits (D:10)
  5 jellies
  A gnoll bouda (D:6)
  Terence (D:3)
  Ijyb (D:3)
  6 iguanas
  8 orc wizards
  3 mummies (Ossuary)
  9 adders
  10 gnolls
  A river rat (D:4)
  A shadow imp (D:6)
  A worm (D:2)
  A dart slug (D:1)
  20 orcs
  6 endoplasms
  7 giant cockroaches
  6 goblins
  4 hobgoblins
  A jackal (D:4)
  6 quokkas
  14 ball pythons
  5 bats
  10 frilled lizards
  6 gnoll skeletons (Ossuary)
  7 gnoll zombies (Ossuary)
  2 goblin skeletons (Ossuary)
  6 goblin zombies (Ossuary)
  6 hobgoblin skeletons (Ossuary)
  3 hobgoblin zombies (Ossuary)
  6 kobolds
  3 kobold skeletons (Ossuary)
  4 kobold zombies (Ossuary)
  3 orc skeletons (Ossuary)
  2 orc zombies (Ossuary)
  4 rats
  4 rat skeletons (Ossuary)
  3 rat zombies (Ossuary)
270 creatures vanquished.

Vanquished Creatures (collateral kills)
  A two-headed ogre (D:10)
  A soul eater (D:10)
  2 yaks
  A gnoll sergeant (D:5)
  A necrophage (D:7)
  3 wights (D:8)
  A killer bee (D:7)
  An orc wizard (D:4)
  6 orcs
  A ball python (D:2)
  A giant cockroach (Sewer)
  An orc skeleton (Ossuary)
20 creatures vanquished.

Vanquished Creatures (others)
  7 demonic plants (D:10)
7 creatures vanquished.

Grand Total: 297 creatures vanquished

Notes
Turn   | Place    | Note
-------+----------+-------------------------------------------
     0 | D:1      | xian the Demonspawn Fighter began the quest for the Orb.
     0 | D:1      | Reached XP level 1. HP: 18/18 MP: 1/1
   562 | D:1      | Gained mutation: You are partially covered in yellow
                  | scales. (AC +2) [demonic ancestry]
   562 | D:1      | Reached XP level 2. HP: 14/24 MP: 2/2
  1671 | D:2      | Gained mutation: You are mostly covered in yellow scales.
                  | (AC +3) [demonic ancestry]
  1671 | D:2      | Reached XP level 3. HP: 29/29 MP: 3/3
  2205 | D:3      | Noticed Ijyb
  2226 | D:3      | HP: 1/29 [goblin/+0 club (1)]
  2227 | D:3      | Killed Ijyb
  2346 | D:3      | Reached XP level 4. HP: 13/35 MP: 4/4
  2346 | D:3      | Found an ornate altar of the Wu Jian Council.
  2731 | D:3      | Noticed Terence
  2751 | D:3      | Killed Terence
  3165 | D:3      | Found an iron altar of Okawaru.
  3327 | D:4      | Reached skill level 1 in Short Blades
  3327 | D:4      | Gained mutation: A weak demonic guardian rushes to your
                  | aid. [demonic ancestry]
  3327 | D:4      | Reached XP level 5. HP: 38/41 MP: 5/5
  3362 | D:4      | Found a glowing drain.
  3406 | Sewer    | Entered a sewer
  3674 | Sewer    | Reached skill level 1 in Dodging
  3678 | Sewer    | Gained mutation: You are completely covered in yellow
                  | scales. (AC +4, rCorr) [demonic ancestry]
  3678 | Sewer    | Reached XP level 6. HP: 38/48 MP: 6/6
  3916 | D:4      | Noticed Blork the orc
  3922 | D:4      | Noticed Blork
  3922 | D:4      | Blork the orc changed into Blork the jackal
  3928 | D:4      | Killed Blork the jackal
  4092 | D:4      | Reached skill level 2 in Short Blades
  4566 | D:4      | Reached XP level 7. HP: 36/54 MP: 7/7
  4760 | D:5      | Entered Level 5 of the Dungeon
  4807 | D:5      | Found a staircase to the Ecumenical Temple.
  4916 | Temple   | Entered the Ecumenical Temple
  5162 | D:5      | Reached skill level 3 in Short Blades
  5162 | D:5      | Reached skill level 1 in Stealth
  5387 | D:5      | Reached skill level 5 in Armour
  5515 | D:5      | Noticed a two-headed ogre
  5594 | D:5      | Reached skill level 5 in Shields
  5594 | D:5      | Reached XP level 8. HP: 61/61 MP: 8/8
  5640 | D:5      | HP: 3/61 [gnoll sergeant/+0 trident (4)]
  5642 | D:5      | HP: 1/61 [gnoll sergeant/+0 trident (2)]
  5643 | D:5      | Reached skill level 4 in Short Blades
  6056 | D:5      | Identified the +5 rapier "Fyclizy" {drain, rPois Str+4
                  | Int-3}
  6262 | D:5      | Identified a scroll of acquirement
  6262 | D:5      | Acquired a +1 pair of boots of stealth
  6359 | D:6      | Reached skill level 5 in Short Blades
  6587 | D:6      | Found a sand-covered staircase.
  6594 | Ossuary  | Entered an ossuary
  6598 | Ossuary  | Acquired 651 gold pieces
  6963 | Ossuary  | Noticed Menkaure
  6999 | Ossuary  | Killed Menkaure
  7000 | Ossuary  | Reached skill level 5 in Stealth
  7000 | Ossuary  | Reached XP level 9. HP: 11/67 MP: 9/9
  7489 | D:6      | Found Kipatho's Jewellery Shoppe.
  7490 | D:6      | Found Xuigolur's Armour Emporium.
  7492 | D:6      | Found Jyngyoha's Antique Armour Shoppe.
  7499 | D:6      | Found a basalt altar of Yredelemnul.
  7593 | D:6      | Reached skill level 6 in Short Blades
  8250 | D:7      | Reached skill level 5 in Fighting
  8274 | D:7      | Reached skill level 7 in Short Blades
  8287 | D:6      | Gained mutation: You possess an exceptional clarity of
                  | mind. [potion of mutation]
  9007 | D:7      | Identified the +1 whip "Jomat" {pain, rC+ Dex+3}
  9089 | D:7      | Killed a two-headed ogre
  9090 | D:7      | Reached skill level 8 in Short Blades
  9090 | D:7      | Gained mutation: A demonic guardian rushes to your aid.
                  | [demonic ancestry]
  9090 | D:7      | Reached XP level 10. HP: 49/74 MP: 10/10
 11074 | D:9      | Reached skill level 9 in Short Blades
 11373 | D:9      | Noticed Joseph
 11375 | D:9      | Killed Joseph
 11657 | D:9      | Found an opulent altar of Gozag.
 11693 | D:9      | Found a shimmering altar of Xom.
 11710 | D:9      | Became a worshipper of Gozag Ym Sagoz the Greedy
 11716 | D:9      | Found a shimmering blue altar of Sif Muna.
 11716 | D:9      | Found a broken altar of Ashenzari.
 11722 | D:9      | Noticed a two-headed ogre
 11733 | D:9      | Killed a two-headed ogre
 11734 | D:9      | Reached XP level 11. HP: 73/81 MP: 11/11
 11740 | D:9      | Found a burning altar of Makhleb.
 11794 | D:9      | Found a large runed translucent door.
 11794 | D:9      | Found a large runed translucent door.
 11797 | D:9      | Noticed purpskrrrp's ghost (journeyman FoHu)
 12091 | D:10     | Entered Level 10 of the Dungeon
 12250 | D:10     | Noticed a soul eater
 12256 | D:10     | Noticed a two-headed ogre
 12268 | D:10     | Gained mutation: Your magical capacity is low. (-10% MP) [a
                  | neqoxec]
 12271 | D:10     | Gained mutation: You are occasionally teleported next to
                  | monsters. [a neqoxec]
 12294 | D:10     | Killed a two-headed ogre
 12295 | D:10     | Reached skill level 10 in Short Blades
 12719 | D:10     | Killed a soul eater
 13084 | D:10     | Found a staircase to the Orcish Mines.
 13166 | D:10     | Noticed Maurice
 13210 | D:10     | Killed Maurice
 13493 | Orc:1    | Entered Level 1 of the Orcish Mines
 13534 | Orc:1    | Noticed an orc knight
 13549 | Orc:1    | Killed from afar by an orc priest

Illustrated notes

Levels and vault maps discovered:
D:1:      spicycebolla_arrival_clurvy, layout_basic
D:2:      layout_loops_cross, hangedman_abyss_or_decor_stabs,
          minmay_misc_feat_plants
D:3:      layout_loops_ring, mainiacjoe_overflow_surrounded_room,
          general_overflow_altar, grunt_ministairs_5, uniq_ijyb, uniq_terence
D:4:      layout_cave_pools, portal_sewer_entry_a, minmay_manual_mares,
          uniq_blork_the_orc
D:5:      layout_gridville, minmay_temple_entry_overgrown, minivault_19
D:6:      cheibrodos_barr_body, layout_basic, yredelemnul_altar_generic,
          nicolae_ossuary_entry_plus, nicolae_wooded_promenade,
          minmay_misc_feat_iff
D:7:      layout_cave_pools, nicolae_overflow_hidden_temple,
          minmay_fractal_squares_5
D:8:      layout_layer_cave
D:9:      layout_long_grid, nicolae_overflow_hallway_of_the_gods,
          ebering_ghost_disaster_area, minmay_quadrilaterals, uniq_joseph
D:10:     layout_loops_corners, orc_0_dummy, serial_demonic, serial_demonic_f,
          serial_demonic_g, serial_demonic_d, serial_demonic_b, uniq_gastronok,
          uniq_maurice
Temple:   nicolae_temple_slightly_damp_pantheon
Orc:1:    layout_caves, uniq_jorgrun

Skill      XL: |  1  2  3  4  5  6  7  8  9 10 11 |
---------------+----------------------------------+-----
Shields        | 3 4 5 6 7 |  7.7
Armour         | 3 4 5 6 7 |  7.3
Long Blades    | 2 |  2.0
Short Blades   | 1 2 3 5 8 9 10 | 10.4
Dodging        | 1 2 3 |  3.3
Fighting       | 4 5 6 |  6.2
Stealth        | 3 5 6 8 9 |  9.1
Throwing       | |  0.2
Evocations     | |  0.8

Action                   |  1- 3 |  4- 6 |  7- 9 | 10-12 || total
-------------------------+-------+-------+-------+-------++-------
Melee: Long sword        |    15 |       |       |       ||    15
       Dagger            |   107 |   226 |   117 |       ||   450
       Rapier            |       |       |   341 |   363 ||   704
Throw: Dart              |       |       |     1 |     2 ||     3
       Boomerang         |       |       |     1 |       ||     1
Evoke: Wand              |       |     4 |       |     5 ||     9
  Use: Scroll            |     4 |     8 |     9 |     6 ||    27
       Potion            |     2 |       |     6 |     3 ||    11
 Stab: Distracted        |       |       |     1 |       ||     1
       Sleeping          |       |       |       |     5 ||     5
Armor: Scale mail        |    20 |       |       |       ||    20
       Chain mail        |    84 |   182 |   237 |   284 ||   787
       Skin              |       |     5 |       |       ||     5
Dodge: Dodged            |    70 |   107 |   173 |   202 ||   552
Block: Buckler           |    43 |   119 |   153 |    20 ||   335
       Kite shield       |       |       |       |   290 ||   290

Table legend: (Time is in decaauts)
 A = Elapsed time spent in this place.
 B = Non-inter-level travel time spent in this place.
 C = Inter-level travel time spent in this place.
 D = Time resting spent in this place.
 E = Time spent auto-exploring this place.
 F = Levels seen in this place.
 G = Mean time per level.
                   A        B        C        D        E       F      G
               +--------+--------+--------+--------+--------+-----+--------+
         Total |  13515 |  13348 |    167 |   1586 |   7854 |  14 |  965.4 |
       Dungeon |  12222 |  12073 |    149 |   1551 |   7350 |  10 | 1222.2 |
        Temple |    210 |    192 |     18 |      0 |    161 |   1 |  210.0 |
  Orcish Mines |     54 |     54 |      0 |      0 |      7 |   1 |   54.0 |
         Sewer |    578 |    578 |      0 |      0 |    243 |   1 |  578.0 |
       Ossuary |    449 |    449 |      0 |     35 |     93 |   1 |  449.0 |
               +--------+--------+--------+--------+--------+-----+--------+

Top non-repeatable levels by time:
     D:6: 1976 daAuts
     D:1: 1424 daAuts
    D:10: 1338 daAuts
     D:5: 1327 daAuts
     D:7: 1182 daAuts
     D:3: 1132 daAuts
     D:8: 1093 daAuts
     D:9: 1047 daAuts
     D:4: 944 daAuts
     D:2: 754 daAuts
   Sewer: 578 daAuts
 Ossuary: 449 daAuts
  Temple: 210 daAuts
   Orc:1: 54 daAuts
